 Dungeon Crawl Stone Soup version 0.23-a0-703-gdf2d5e0 (webtiles) character file.

11432 XanderDroid the Cleaver (level 11, -5/151 HPs)
             Began as a Minotaur Berserker on Jan 13, 2019.
             Was a High Priest of Trog.
             Slain by Sonja
             ... wielding a +2 short sword of distortion
              (16 damage)
             ... on level 11 of the Dungeon.
             The game lasted 00:36:12 (12219 turns).

XanderDroid the Cleaver (Minotaur Berserker)       Turns: 12219, Time: 00:36:13

Health: -5/151     AC: 19    Str: 29    XL:     11   Next: 49%
Magic:  10/10      EV: 12    Int:  4    God:    Trog [*****.]
Gold:   113        SH:  0    Dex: 11    Spells: 10/10 levels left

rFire    + . .     SeeInvis .   a - +0 battleaxe
rCold    + . .     Gourm    .   (shield currently unavailable)
rNeg     . . .     Faith    .   j - +1 plate armour
rPois    .         Spirit   .   (helmet restricted)
rElec    .         Reflect  .   (no cloak)
rCorr    .         Harm     .   (no gloves)
MR       .....                  D - +2 pair of boots {Stlth+}
Stlth    ..........             (no amulet)
HPRegen  0.35/turn              C - ring of protection from cold
MPRegen  0.12/turn              F - ring of protection from fire

@: berserking (expiring), lethally poisoned (-5 -> -30), slowed
A: retaliatory headbutt, horns 2
a: Berserk, Trog's Hand, Brothers in Arms, Renounce Religion


You were on level 11 of the Dungeon.
You worshipped Trog.
Trog was extremely pleased with you.
You were very hungry.

You visited 2 branches of the dungeon, and saw 12 of its levels.
You also visited: Sewer and Ossuary.

You collected 1025 gold pieces.
You spent 912 gold pieces at shops.

Inventory:

Hand Weapons
 a - a +0 battleaxe (weapon)
 b - a +4 mace of protection
Missiles
 E - a throwing net (quivered)
Armour
 j - a +1 plate armour (worn)
 D - a +2 pair of boots of stealth (worn)
Jewellery
 C - a ring of protection from cold (left hand)
 F - a ring of protection from fire (right hand)
Wands
 f - a wand of iceblast (11)
 i - a wand of digging (5)
 y - a wand of flame (48)
Scrolls
 e - 3 scrolls of enchant armour
 h - 8 scrolls of teleportation
 k - 3 scrolls of identify
 m - a scroll of immolation
 n - 3 scrolls of remove curse
 p - a scroll of fog
 t - a scroll of enchant weapon
 u - 2 scrolls of blinking
 w - 2 scrolls of magic mapping
Potions
 d - a potion of degeneration {unknown}
 g - 2 potions of agility
 l - 2 potions of mutation
 o - 5 potions of flight
 q - 2 potions of invisibility
 r - 12 potions of curing
 s - 7 potions of heal wounds
 v - 2 potions of might
 x - a potion of berserk rage
 z - a potion of resistance {unknown}
 G - 2 potions of haste
 H - 3 potions of lignification
Comestibles
 c - 23 rations


   Skills:
 + Level 10.4 Fighting
 * Level 13.8 Axes
 + Level 10.1 Armour
 + Level 9.3 Dodging


You had 10 spell levels left.
You didn't know any spells.
Your spell library was empty.

Dungeon Overview and Level Annotations

Branches:
Dungeon (11/15)            Temple (1/1) D:6            Lair (0/6) D:11
    Orc (0/2) D:9

Altars:
Ashenzari
Cheibriados
Dithmenos
Elyvilon
Fedhas
Gozag
Hepliaklqana
Kikubaaqudgha
Makhleb
Nemelex Xobeh
Okawaru
Qazlal
Ru
Sif Muna
Trog
Uskayaw
Vehumet
Wu Jian
Xom
Yredelemnul
Zin
The Shining One

Shops:
D:8 (%!==   D:10 *

Annotations:
D:10 1 runed door, VictorG's ghost, journeyman GnSk
D:11 Sonja


Innate Abilities, Weirdness & Mutations

You reflexively headbutt those who attack you in melee.
You have a pair of horns on your head.


Message History

You feel very sick.
Sonja shoots a curare-tipped needle.
The curare-tipped needle hits you.
You are more poisoned.
You have difficulty breathing.
* * * LOW HITPOINT WARNING * * *
You feel as though you will be slow longer.
Sonja shoots a curare-tipped needle.
The curare-tipped needle barely misses you.
You feel a strong urge to attack something.
* * * LOW HITPOINT WARNING * * *
You feel very sick.
Sonja gestures wildly while chanting.
Sonja blinks!
* * * LOW HITPOINT WARNING * * *
You feel very sick.
Sonja unwields a +0 blowgun.
Sonja wields a +2 short sword of distortion.
Its appearance distorts for a moment.
Sonja hits you but does no damage. Space warps horribly around you!
You die...

###############..........
#.^.[....................
#........................
#........................
#..............(.########
#........................
#........................
#....(..((...............
#(....(K@......##########
#..............# #
#..............##########
#........................
#########################


You could see Sonja.

Vanquished Creatures
  Erolcha (D:10)
  A two-headed ogre (D:9)
  Nergalle (D:11)
  An unseen horror (D:11)
  A cyclops (D:8)
  2 kobold demonologists
  Prince Ribbit (D:5)
  A hornet (D:10)
  3 hippogriffs
  Sigmund (D:3)
  A wraith (Ossuary)
  2 wyverns (D:8)
  A spriggan (D:11)
  A human (D:11)
  A hungry ghost (D:10)
  2 water moccasins (D:9)
  3 black bears
  An ice beast (D:8)
  2 sky beasts
  4 orc warriors
  2 phantoms (D:8)
  7 ogres
  2 necrophages
  11 centaurs
  6 big kobolds
  9 bullfrogs
  A gnoll sergeant (D:6)
  A wyvern skeleton (D:10)
  5 wights (D:9)
  6 killer bees
  3 howler monkeys (D:10)
  4 crimson imps
  A bullfrog zombie (D:7)
  4 hounds
  3 jellies
  2 orc priests (D:4)
  4 orc wizards
  A gnoll shaman (D:7)
  A centaur skeleton (D:7)
  2 iguanas
  10 worker ants
  4 hound zombies
  3 hound skeletons
  2 mummies
  Robin (D:3)
  18 gnolls
  10 adders
  2 shadow imps
  An ooze (D:7)
  2 adder skeletons
  5 worms
  2 dart slugs
  6 leopard geckos
  36 orcs
  5 ball pythons
  6 giant cockroaches
  13 goblins
  7 hobgoblins
  17 jackals
  4 quokkas
  8 bats
  7 frilled lizards
  8 gnoll skeletons (Ossuary)
  A goblin zombie (D:5)
  A hobgoblin zombie (D:5)
  A jackal skeleton (D:6)
  24 kobolds
  7 kobold skeletons (Ossuary)
  10 orc skeletons (Ossuary)
  13 rats
340 creatures vanquished.

Vanquished Creatures (others)
  A worker ant (D:6)
1 creature vanquished.

Grand Total: 341 creatures vanquished

Notes
Turn   | Place    | Note
-------+----------+-------------------------------------------
     0 | D:1      | XanderDroid the Minotaur Berserker began the quest for the
                  | Orb.
     0 | D:1      | Reached XP level 1. HP: 19/19 MP: 0/0
   162 | D:1      | Reached XP level 2. HP: 18/27 MP: 1/1
   167 | D:1      | Reached skill level 4 in Axes
   551 | D:1      | Reached XP level 3. HP: 33/33 MP: 2/2
   553 | D:1      | Reached ** piety under Trog
  1432 | D:2      | Reached XP level 4. HP: 12/40 MP: 3/3
  2251 | D:3      | Noticed Sigmund
  2252 | D:3      | Noticed Robin
  2271 | D:2      | Reached skill level 5 in Axes
  2513 | D:3      | Killed Sigmund
  2513 | D:3      | Reached XP level 5. HP: 29/47 MP: 4/4
  2513 | D:3      | Reached XP level 6. HP: 34/55 MP: 5/5
  2516 | D:3      | Killed Robin
  2602 | D:3      | Found a glowing drain.
  2619 | Sewer    | Entered a sewer
  2727 | Sewer    | Reached *** piety under Trog
  2743 | Sewer    | Reached skill level 6 in Axes
  2748 | Sewer    | Reached skill level 5 in Fighting
  2811 | Sewer    | Reached XP level 7. HP: 36/61 MP: 6/6
  3035 | Sewer    | Reached skill level 7 in Axes
  3755 | D:4      | Reached skill level 5 in Armour
  4109 | D:4      | Reached **** piety under Trog
  4389 | D:5      | Entered Level 5 of the Dungeon
  4433 | D:5      | Found a sand-covered staircase.
  4493 | Ossuary  | Entered an ossuary
  4493 | Ossuary  | Noticed a wraith
  4493 | Ossuary  | Noticed a wraith
  4493 | Ossuary  | Noticed a wraith
  4572 | Ossuary  | Noticed a wraith
  4599 | Ossuary  | Killed a wraith
  4599 | Ossuary  | Reached skill level 8 in Axes
  4599 | Ossuary  | Reached skill level 5 in Dodging
  4599 | Ossuary  | Reached XP level 8. HP: 41/70 MP: 7/7
  5062 | D:5      | Noticed Prince Ribbit
  5080 | D:5      | Killed Prince Ribbit
  5231 | D:5      | Reached skill level 9 in Axes
  5351 | D:6      | Found a sacrificial altar of Ru.
  5608 | D:6      | Found a staircase to the Ecumenical Temple.
  5680 | Temple   | Entered the Ecumenical Temple
  6063 | D:6      | Reached ***** piety under Trog
  6063 | D:6      | Reached XP level 9. HP: 59/79 MP: 8/8
  6212 | D:6      | Reached skill level 10 in Axes
  6509 | D:7      | Received a gift from Trog
  7235 | D:8      | Found Itwerini's Jewellery Shoppe.
  7262 | D:8      | Bought an uncursed ring of protection from fire for 375
                  | gold pieces
  7310 | D:8      | Reached skill level 11 in Axes
  7349 | D:8      | Noticed a cyclops
  7857 | D:8      | Killed a cyclops
  7857 | D:8      | Reached XP level 10. HP: 60/90 MP: 9/9
  7887 | D:8      | Found Suitic's Distillery.
  7898 | D:8      | Bought a potion of lignification for 30 gold pieces
  7898 | D:8      | Bought a potion of curing for 30 gold pieces
  7898 | D:8      | Bought a potion of curing for 30 gold pieces
  7898 | D:8      | Bought a potion of curing for 30 gold pieces
  7898 | D:8      | Bought a potion of curing for 30 gold pieces
  8136 | D:8      | Found Taomam's Weapon Emporium.
  8210 | D:8      | Found Isit Nubbo's Food Emporium.
  8334 | D:8      | Found Vimoat's Jewellery Emporium.
  8623 | D:9      | Noticed a two-headed ogre
  8626 | D:9      | Killed a two-headed ogre
  8626 | D:9      | Reached skill level 12 in Axes
  9031 | D:9      | Found a staircase to the Orcish Mines.
  9193 | D:9      | Found a burning altar of Makhleb.
  9510 | D:10     | Entered Level 10 of the Dungeon
  9510 | D:10     | Noticed a skeletal warrior
  9510 | D:10     | Noticed a skeletal warrior
  9510 | D:10     | Noticed a skeletal warrior
 10173 | D:10     | Found Odeit's Assorted Antiques.
 10178 | D:10     | Bought a pair of runed boots for 232 gold pieces
 10178 | D:10     | Bought a scroll of identify for 62 gold pieces
 10238 | D:10     | Noticed Erolcha
 10248 | D:10     | Killed Erolcha
 10248 | D:10     | Reached skill level 13 in Axes
 10248 | D:10     | Reached XP level 11. HP: 49/99 MP: 10/10
 10680 | D:10     | Noticed VictorG's ghost (journeyman GnSk)
 10682 | D:10     | Found a runed door.
 10702 | D:10     | Reached skill level 10 in Fighting
 11335 | D:10     | Bought a potion of curing for 93 gold pieces
 11398 | D:11     | Noticed Nergalle
 11419 | D:11     | Killed Nergalle
 11441 | D:11     | Received a gift from Trog
 11453 | D:11     | Noticed a soul eater
 11797 | D:10     | Noticed a sun demon
 11910 | D:11     | Reached skill level 10 in Armour
 12001 | D:11     | Found a staircase to the Lair.
 12197 | D:11     | Killed an unseen horror
 12212 | D:11     | Noticed Sonja
 12219 | D:11     | Slain by Sonja

Vault maps used:
D:1:      dpeg_arrival_snail
D:3:      gup_sewer_entry_glass, kennysheep_decorative_pillar, uniq_robin,
          uniq_sigmund
D:5:      nicolae_ossuary_entry_giza, first_ration, uniq_prince_ribbit1
D:6:      minmay_polygon_palace, minmay_temple_entry_glassed_door, basic_altar,
          chequers_mini_garden
D:8:      serial_shops, shop_fountains, kennysheep_mini_moat,
          nicolae_shop_trees, shop, shop
D:9:      overflow_temple_1_default, orc_0_dummy
D:10:     serial_shops, kennysheep_little_box, hellmonk_ghost_happy_afterlife,
          uniq_erolcha
D:11:     minmay_the_grid_triangle_9x9_recursive_3, lair_entry_dummy,
          hangedman_stone_soup, uniq_sonja, uniq_nergalle
Temple:   nicolae_temple_the_god_donut
Sewer:    kennysheep_pipe_town
Ossuary:  ossuary_due_mausoleum

Skill      XL: |  1  2  3  4  5  6  7  8  9 10 11 |
---------------+----------------------------------+-----
Axes           | 4 5 6 8 9 11 13 | 13.8
Fighting       | 4 5 6 7 8 9 10 | 10.4
Armour         | 3 4 5 6 8 9 10 | 10.1
Dodging        | 3 4 5 6 7 8 9 |  9.3

Action                   |  1- 3 |  4- 6 |  7- 9 | 10-12 || total
-------------------------+-------+-------+-------+-------++-------
Melee: Hand axe          |    76 |       |   320 |       ||   396
       Headbutt          |    13 |    16 |    93 |    71 ||   193
       Great sword       |    32 |    53 |       |       ||    85
       War axe           |       |       |    99 |    76 ||   175
       Unarmed           |       |       |    24 |       ||    24
       Battleaxe         |       |       |       |   250 ||   250
Invok: Berserk           |       |     2 |     3 |     3 ||     8
  Use: Scroll            |       |     1 |    15 |     6 ||    22
  Eat: Chunk             |     2 |     5 |    20 |    11 ||    38
       Ration            |       |       |       |     2 ||     2
Armor: Animal skin       |     5 |       |       |       ||     5
       Leather armour    |    12 |    17 |    17 |       ||    46
       Plate armour      |       |       |   178 |   244 ||   422
       Skin              |       |       |     4 |       ||     4
Dodge: Dodged            |    89 |    87 |   262 |   207 ||   645
       Rpst.: Great sword |     9 |    30 |       |       ||    39

Table legend:
 A = Non-vault XP
 B = Vault XP
 C = Vault XP percentage of total XP
 D = Non-vault monster count
 E = Vault monster count
 F = Vault count percentage of total count
                 A         B        C        D         E       F
            +---------+---------+-------+---------+---------+-------
      Total |   12248 |    4084 |  25.0 |     254 |      87 |  25.5
            +---------+---------+-------+---------+---------+-------
        D:1 |      50 |       0 |   0.0 |      32 |       0 |   0.0
        D:2 |      62 |       6 |   8.8 |      21 |       3 |  12.5
        D:3 |     104 |     279 |  72.8 |      14 |      13 |  48.1
        D:4 |     304 |       0 |   0.0 |      15 |       0 |   0.0
        D:5 |     414 |     311 |  42.9 |      16 |       4 |  20.0
        D:6 |     734 |     381 |  34.2 |      26 |      10 |  27.8
        D:7 |     832 |       0 |   0.0 |      24 |       0 |   0.0
        D:8 |    3158 |       0 |   0.0 |      38 |       0 |   0.0
        D:9 |    2868 |       0 |   0.0 |      26 |       0 |   0.0
       D:10 |    2284 |    1003 |  30.5 |      29 |       1 |   3.3
       D:11 |    1438 |    1323 |  47.9 |      13 |       5 |  27.8
      Sewer |       0 |     514 | 100.0 |       0 |      24 | 100.0
    Ossuary |       0 |     267 | 100.0 |       0 |      27 | 100.0
            +---------+---------+-------+---------+---------+-------
